 Dungeon Sprint DCSS version 0.26-a0-649-gf8c6c3aab7 (webtiles) character file.

Game seed: 12682642637554564393

5 sahdkjhfkaj the Scholar of Death (level 1, 0/10 HPs)
             Began as a Felid Necromancer on Sept 27, 2020.
             Was a Follower of Kikubaaqudgha.
             Slain by a jackal (1 damage)
             ... in the Dungeon (Sprint VII: "The Pits").
             The game lasted 00:00:30 (374 turns).

sahdkjhfkaj the Scholar of Death (Felid Necromancer) Turns: 374, Time: 00:00:30

Health: 0/10       AC:  1    Str:  4    XL:     1   Next: 66%
Magic:  2/5        EV: 19    Int: 16    God:    Kikubaaqudgha [*.....]
Gold:   0          SH:  0    Dex: 16    Spells: 4/5 levels left
                                        Lives:  0   Deaths: 0

rFire    . . .     SeeInvis +   (weapon unavailable)
rCold    . . .     Faith    .   (shield unavailable)
rNeg     . . .     Spirit   .   (armour unavailable)
rPois    .         Reflect  .   (helmet unavailable)
rElec    .         Harm     .   (cloak unavailable)
rCorr    .         Rampage  .   (gloves unavailable)
MR       .....     NoTele   +   (boots unavailable)
Stlth    ..........             (no amulet)
HPRegen  0.03/turn              (no ring)
MPRegen  0.09/turn              (no ring)

@: berserking (expiring), very quick
A: very small, no armour, no weapons or thrown items, stealth, claws 1, fangs 3,
see invisible, speed 1, shaggy fur 1, sharp paws
a: Receive Corpses, Renounce Religion


You were in the Dungeon.
You worshipped Kikubaaqudgha.
Kikubaaqudgha was aware of your devotion.
You visited 1 branch

Inventory:

Scrolls
 g - a scroll of blinking
 i - 3 scrolls of remove curse
 j - 5 scrolls of amnesia
 k - a scroll of summoning
 l - 2 scrolls of vulnerability
Potions
 a - 2 potions of invisibility
 b - a potion of curing
 c - a potion of heal wounds
 d - a potion of haste
 e - 4 potions of magic
 f - 2 potions of berserk rage


   Skills:
 + Level 3.5 Dodging
 - Level 2.6 Stealth
 + Level 2.5 Spellcasting
 * Level 4.7 Necromancy


You had 4 spell levels left.
You knew the following spells:

 Your Spells              Type           Power        Failure   Level
a - Pain                  Necr           ###.         2%          1

Your spell library contained the following spells:

 Spells                   Type           Power        Failure   Level
 Animate Skeleton         Necr           ###...       2%          1
 Vampiric Draining        Necr           ###.......   9%          3
 Animate Dead             Necr           ###.......   28%         4
 Agony                    Necr           ###.....     61%         5


Dungeon Overview and Level Annotations

Branches:
Dungeon (1/1)

Altars:
Ashenzari
Cheibriados
Dithmenos
Elyvilon
Fedhas
Gozag
Hepliaklqana
Kikubaaqudgha
Makhleb
Nemelex Xobeh
Okawaru
Qazlal
Ru
Sif Muna
Trog
Uskayaw
Vehumet
Wu Jian
Xom
Yredelemnul
Zin
The Shining One
Beogh
Jiyva
Lugonu


Innate Abilities, Weirdness & Mutations

You cannot wear armour.
You are incapable of wielding weapons or throwing items.
Your paws allow you to move quietly. (Stealth)
You have sharp claws.
You have razor-sharp teeth.
You have supernaturally acute eyesight. (SInv)
You cover ground quickly.
You are covered in fur. (AC +1)
Your sharp claws are effective at attacking unaware monsters.


Message History

You kill the jackal!
Kikubaaqudgha accepts your kill.
You barely miss the jackal. The jackal barely misses you.
You miss the jackal. The jackal bites you. The jackal completely misses you.
Your magical contamination has completely faded away.
You closely miss the jackal. The jackal barely misses you.
You barely miss the jackal. The jackal bites you.
* * * LOW HITPOINT WARNING * * *
The jackal bites you.
* * * LOW HITPOINT WARNING * * *
You scratch the jackal.
You kill the jackal!
Kikubaaqudgha accepts your kill.
You can now receive cadavers from Kikubaaqudgha.
You see here Kikubaaqudgha's Handbook of Evil Secrets.
Kikubaaqudgha grants you a gift! The jackal completely misses you.
You completely miss the jackal. The jackal bites you.
You die...
Kikubaaqudgha rasps: "You have failed me!
Welcome... death!"

############
#_________.#
#_________.#
#_______...###########+
##########'##..........
#..(.')))'.##......#..#
##########.##..........
#.....@h....)..........
#+#####'#####......#..#
..# #.......... +..#
####'#####+ ####
#.......# #.......#
#.......# #...<...#
#.......#


You could see a jackal.

Vanquished Creatures
  A hobgoblin (D)
  3 jackals (D)
4 creatures vanquished.

Notes
Turn   | Place    | Note
-------+----------+-------------------------------------------
     0 | D        | sahdkjhfkaj the Felid Necromancer began the quest for the
                  | Orb.
     0 | D        | Reached XP level 1. HP: 7/7 MP: 4/4
   306 | D        | Found a bloodstained altar of Trog.
   306 | D        | Found a shimmering blue altar of Sif Muna.
   306 | D        | Found a viscous altar of Jiyva.
   306 | D        | Found a hazy altar of Hepliaklqana.
   306 | D        | Found an opulent altar of Gozag.
   307 | D        | Found a glowing golden altar of the Shining One.
   307 | D        | Found a glowing silver altar of Zin.
   307 | D        | Found a basalt altar of Yredelemnul.
   307 | D        | Found a shimmering altar of Xom.
   307 | D        | Found an ornate altar of the Wu Jian Council.
   307 | D        | Found a sacrificial altar of Ru.
   307 | D        | Found a stormy altar of Qazlal.
   307 | D        | Found an iron altar of Okawaru.
   307 | D        | Found a sparkling altar of Nemelex Xobeh.
   307 | D        | Found a burning altar of Makhleb.
   307 | D        | Found a blossoming altar of Fedhas.
   307 | D        | Found a white marble altar of Elyvilon.
   307 | D        | Found a shadowy altar of Dithmenos.
   307 | D        | Found a snail-covered altar of Cheibriados.
   308 | D        | Found a radiant altar of Vehumet.
   308 | D        | Found a corrupted altar of Lugonu.
   308 | D        | Found a roughly hewn altar of Beogh.
   309 | D        | Found a hide-covered altar of Uskayaw.
   309 | D        | Found an ancient bone altar of Kikubaaqudgha.
   309 | D        | Found a broken altar of Ashenzari.
   323 | D        | Became a worshipper of Kikubaaqudgha
   373 | D        | Reached * piety under Kikubaaqudgha
   373 | D        | Identified Kikubaaqudgha's Handbook of Evil Secrets
                  | (Kikubaaqudgha gifted it to you in the Dungeon)
   373 | D        | Received a gift from Kikubaaqudgha
   374 | D        | Slain by a jackal

Illustrated notes

Levels and vault maps discovered:
D:        pitsprint [storerooms_1, entrance_room_1, metal_vault_3, armoury_2,
          mini_pit_1, grid_room_1, main_hall_1, silver_pit, the_coven_1,
          the_vestibule_1, steel_vault_5, golden_pit, hallway_of_sentries,
          crystal_vault_6, iron_vault_3, final_vault]

Skill      XL: |  1 |
---------------+----+-----
Dodging        | 3 |  3.5
Stealth        | |  2.6
Spellcasting   | |  2.5
Necromancy     | |  4.7

Action                   || total
-------------------------++-------
Melee: Unarmed           ||    10
 Cast: Pain              ||     6
  Use: Potion            ||     1
Dodge: Dodged            ||    15

Table legend: (Time is in decaauts)
 A = Elapsed time spent in this place.
 B = Non-inter-level travel time spent in this place.
 C = Inter-level travel time spent in this place.
 D = Time resting spent in this place.
 E = Time spent auto-exploring this place.
 F = Levels seen in this place.
 G = Mean time per level.
                   A        B        C        D        E       F      G
               +--------+--------+--------+--------+--------+-----+--------+
         Total |    358 |    358 |      0 |    286 |      0 |   1 |  358.0 |
       Dungeon |    358 |    358 |      0 |    286 |      0 |   1 |  358.0 |
               +--------+--------+--------+--------+--------+-----+--------+

Top non-repeatable levels by time:
       D: 358 daAuts
